 Dungeon Crawl Stone Soup version 0.24.0-123-gd5b16e6ec5 (webtiles) character file.

Game seed: 11273395714022292068, levelgen mode: deterministic

975 Delamore the Blocker (level 8, -2/58 HPs)
             Began as a Formicid Fighter on Jan 7, 2020.
             Slain by a killer bee (3 damage)
             ... on level 5 of the Dungeon.
             The game lasted 00:06:06 (4402 turns).

Delamore the Blocker (Formicid Fighter)             Turns: 4402, Time: 00:06:07

Health: -2/58      AC:  6    Str: 23    XL:     8   Next: 39%
Magic:  8/8        EV:  9    Int:  8    God:
Gold:   261        SH: 11    Dex: 10    Spells: 7/7 levels left

rFire    . . .     SeeInvis +   a - +0 war axe
rCold    . . .     Gourm    .   c - +0 shield
rNeg     . . .     Faith    .   b - +0 scale mail
rPois    .         Spirit   .   (helmet unavailable)
rElec    .         Reflect  .   (no cloak)
rCorr    .         Harm     .   (no gloves)
MR       .....                  (no boots)
Stlth    ..........             (no amulet)
HPRegen  0.19/turn              (no ring)
MPRegen  0.11/turn              (no ring)

@: lethally poisoned (-2 -> -12)
A: permanent stasis, dig shafts and tunnels, four strong arms, antennae 3
a: Dig, Shaft Self


You were on level 5 of the Dungeon.
You were not hungry.

You visited 1 branch of the dungeon, and saw 6 of its levels.
You also visited: Sewer.

You collected 261 gold pieces.

Inventory:

Hand Weapons
 a - a +0 war axe (weapon)
Missiles
 s - 7 boomerangs (quivered)
Armour
 b - a +0 scale mail (worn)
 c - a +0 shield (worn)
 A - a +0 cloak
 E - a scarf of resistance
Jewellery
 r - an uncursed ring of see invisible
 D - an uncursed ring of fire
Wands
 y - a wand of flame (17)
 B - a wand of random effects (15)
Scrolls
 g - 5 scrolls of identify
 h - a scroll of noise {unknown}
 i - a scroll of blinking
 k - 3 scrolls of enchant weapon {unknown}
 l - 3 scrolls of remove curse {unknown}
 m - a scroll of immolation {unknown}
 o - a scroll of fear {unknown}
 q - 2 scrolls of magic mapping {unknown}
 u - 4 scrolls of teleportation {unknown}
 w - a scroll of amnesia {unknown}
Potions
 d - 2 potions of might
 e - 2 potions of agility {unknown}
 n - a potion of resistance {unknown}
 p - a potion of cancellation {unknown}
 t - a potion of haste {unknown}
 v - a potion of lignification {unknown}
 x - 3 potions of curing
 z - 3 potions of brilliance {unknown}
Comestibles
 f - 9 rations
 C - 4 chunks of flesh


   Skills:
 - Level 3.2 Fighting
 + Level 7.1 Axes
 - Level 3.2 Armour
 + Level 8.1 Shields


You had 7 spell levels left.
You didn't know any spells.
Your spell library was empty.

Dungeon Overview and Level Annotations

Branches:
Dungeon (6/15)              Sewer (visited)
 Temple: D:4-7

Altars:
Vehumet

Annotations:
D:5 3 runed translucent doors, Elellon's ghost, novice TrMo


Innate Abilities, Weirdness & Mutations

You cannot be hasted, slowed, berserked, paralysed or teleported.
You can dig through walls and to a lower floor.
Your four strong arms can wield two-handed weapons with a shield.
You have a pair of large antennae on your head. (SInv)


Message History

* * * LOW HITPOINT WARNING * * *
The killer bee barely misses you.
You closely miss the killer bee.
The killer bee is severely wounded.
You miss the killer bee.
You feel sick. The killer bee stings you.
* * * LOW HITPOINT WARNING * * *
The killer bee stings you.
* * * LOW HITPOINT WARNING * * *
You are lethally poisoned!
The killer bee poisons you!
The killer bee stings you but does no damage.
You block the killer bee's attack. x2
You miss the killer bee.
The killer bee is heavily wounded.
You closely miss the killer bee.
* * * LOW HITPOINT WARNING * * *
You feel sick. The killer bee closely misses you. The killer bee stings you!
* * * LOW HITPOINT WARNING * * *
You block the killer bee's attack. The killer bee stings you.
You die...

...........# #........##.##.#...#
######.....###.#########.##.#...#
#.........#.......#.##.#...#
######.#.###.###.......#.##.#...#
.......#.# #.# #.......#.........
#####....# #.# #.............#...
#.#### #.# #.......####.###..
#####.# #.###.y.....########.#
......# #...y@...............#
####..# ########.#############
#..# #.# # #..# #.# # #..# #.# #
#..# #.# # #..# #.# ##### #
#..### #.# ##...## # #....# #.#
#.....###


You could see 2 killer bees.

Vanquished Creatures
  Grinder (D:4)
  2 ice beasts (D:5)
  2 ogres
  A crimson imp (D:5)
  A hound (D:3)
  An orc priest (D:5)
  An iguana (D:4)
  3 orc wizards
  A killer bee zombie (D:5)
  4 adders
  A gnoll (D:1)
  An ooze (Sewer)
  An adder skeleton (D:4)
  5 worms
  3 dart slugs
  4 leopard geckos (D:1)
  19 orcs
  2 ball pythons
  13 bats
  7 giant cockroaches
  6 goblins
  8 hobgoblins
  5 jackals
  23 kobolds
  4 quokkas
  6 frilled lizards
  A quokka zombie (D:5)
  12 rats
138 creatures vanquished.

Notes
Turn   | Place    | Note
-------+----------+-------------------------------------------
     0 | D:1      | Delamore the Formicid Fighter began the quest for the Orb.
     0 | D:1      | Reached XP level 1. HP: 18/18 MP: 1/1
   154 | D:1      | Reached XP level 2. HP: 22/24 MP: 2/2
   330 | D:1      | Reached XP level 3. HP: 29/29 MP: 3/3
   770 | D:1      | Reached XP level 4. HP: 23/35 MP: 4/4
   793 | D:1      | Reached skill level 4 in Shields
  1418 | D:2      | You fall into a shaft and drop 1 floor!
  1478 | D:3      | Reached XP level 5. HP: 36/41 MP: 5/5
  2173 | D:3      | Reached skill level 5 in Shields
  2474 | D:4      | Noticed an ogre
  2484 | D:4      | Killed an ogre
  2484 | D:4      | Reached skill level 5 in Axes
  2484 | D:4      | Reached XP level 6. HP: 25/47 MP: 6/6
  2561 | D:4      | Found a glowing drain.
  2580 | Sewer    | Entered a sewer
  2909 | D:4      | Reached skill level 6 in Shields
  2957 | D:4      | Noticed Grinder
  2997 | D:4      | Killed Grinder
  2997 | D:4      | Reached XP level 7. HP: 24/52 MP: 7/7
  3160 | D:4      | Found a radiant altar of Vehumet.
  3416 | D:5      | Entered Level 5 of the Dungeon
  3497 | D:5      | Reached skill level 7 in Shields
  3776 | D:5      | Reached XP level 8. HP: 58/58 MP: 8/8
  4145 | D:5      | Reached skill level 8 in Shields
  4297 | D:5      | Found a runed translucent gate.
  4299 | D:5      | Found a runed translucent gate.
  4301 | D:5      | Found a runed translucent gate.
  4304 | D:5      | Noticed Elellon's ghost (novice TrMo)
  4392 | D:5      | HP: 2/58 [poisoned by a killer bee]
  4402 | D:5      | HP: 1/58 [killer bee (8)]
  4402 | D:5      | Slain by a killer bee

Levels and vault maps discovered:
D:1:      minmay_arrival_open_corners, layout_loops_corners,
          grunt_decor_mini_mirrors, minmay_worlds_worst_comb
D:2:      layout_loops_cross
D:3:      layout_basic
D:4:      layout_rooms, cheibrodos_sewer_entry_bend, vehumet_altar_wand_db,
          uniq_grinder
D:5:      minmay_diamond_boxcup, layout_loops_ring, gammafunk_ghost_necromancy,
          first_ration
D:6:      layout_basic, minmay_temple_entry_wispy

Skill      XL: |  1  2  3  4  5  6  7  8 |
---------------+-------------------------+-----
Axes           | 3 4 5 6 7 |  7.1
Shields        | 4 5 6 7 8 |  8.1
Fighting       | |  3.2
Armour         | |  3.2

Action                   |  1- 3 |  4- 6 |  7- 9 || total
-------------------------+-------+-------+-------++-------
Melee: War axe           |   106 |   276 |   116 ||   498
Throw: Boomerang         |       |     5 |     3 ||     8
  Use: Potion            |       |     2 |     5 ||     7
       Scroll            |       |       |     1 ||     1
  Eat: Chunk             |       |     7 |     5 ||    12
Armor: Scale mail        |    62 |   124 |    51 ||   237
Dodge: Dodged            |    44 |   109 |    71 ||   224
Block: Shield            |    49 |   194 |    77 ||   320
